 Seeded DCSS version 0.27.1-34-g3ba077fa99 (webtiles) character file.

Game seed: 12092574107127483836 (custom seed)

2714 hikkokomori the Blocker (level 9, 0/83 HPs)
             Began as a Minotaur Fighter on Feb 4, 2022.
             Was an Initiate of Ashenzari.
             Killed from afar by a steam dragon (19 damage)
             ... with a ball of steam
             ... on level 8 of the Dungeon.
             The game lasted 00:13:24 (7795 turns).

hikkokomori the Blocker (Minotaur Fighter)          Turns: 7795, Time: 00:13:24

Health: 0/83       AC: 12    Str: 21    XL:     9   Next: 39%
Magic:  8/8        EV:  6    Int: 11    God:    Ashenzari [......]
Gold:   242        SH: 11    Dex: 13    Spells: 8/8 levels left

rFire    . . .     SeeInvis .   a - +1 war axe
rCold    . . .     Faith    .   c - +0 kite shield
rNeg     . . .     Spirit   .   r - +0 plate armour
rPois    .         Reflect  .   (helmet restricted)
rElec    .         Harm     .   (no cloak)
rCorr    .         Rampage  .   (no gloves)
Will     .....                  (no boots)
Stlth    ..........             (no amulet)
HPRegen  0.23/turn              w - +6 ring of intelligence
MPRegen  0.11/turn              (no ring)

@: no status effects
A: horns 2, retaliatory headbutt
a: Renounce Religion, Curse Item


You were on level 8 of the Dungeon.
You worshipped Ashenzari.
Ashenzari was noncommittal.
You visited 2 branches of the dungeon, and saw 9 of its levels.

You collected 312 gold pieces.
You spent 70 gold pieces at shops.

Inventory:

Hand Weapons
 a - a +1 war axe (weapon)
 o - a +2 antimagic trident
 v - a +0 arbalest
Missiles
 n - a throwing net (quivered)
Armour
 b - a +1 scale mail
 c - a +0 kite shield (worn)
 r - a +0 plate armour (worn)
Jewellery
 j - an amulet of faith
 w - a +6 ring of intelligence (left hand)
Wands
 s - a wand of charming (9)
 t - a wand of iceblast (13)
Scrolls
 d - 2 scrolls of amnesia
 f - 4 scrolls of identify
 g - a scroll of torment
 l - a scroll of enchant armour
 m - 3 scrolls of teleportation
 q - a scroll of fear
Potions
 e - 2 potions of flight
 h - 4 potions of degeneration
 i - a potion of ambrosia
 k - 2 potions of mutation
 p - a potion of haste
 u - a potion of curing


   Skills:
 + Level 9.1 Fighting
 + Level 8.6 Axes
 + Level 5.4 Armour
 + Level 3.4 Dodging
 + Level 9.1 Shields


You had 8 spell levels left.
You didn't know any spells.
Your spell library contained the following spells:

 Spells                   Type           Power      Damage    Failure   Level
 Ignite Poison            Fire/Tmut/Pois 0%         N/A       100%        3
 Mephitic Cloud           Conj/Pois/Air  0%         N/A       100%        3
 Bolt of Magma            Conj/Fire/Erth 0%         4d4       100%        5


Dungeon Overview and Level Annotations

Branches:
Dungeon (8/15)             Temple (1/1) D:5
   Lair: D:8-11

Altars:
Ashenzari
Cheibriados
Dithmenos
Elyvilon
Fedhas
Gozag
Hepliaklqana
Kikubaaqudgha
Makhleb
Nemelex Xobeh
Okawaru
Qazlal
Ru
Sif Muna
Trog
Uskayaw
Vehumet
Xom
Yredelemnul
Zin
The Shining One

Shops:
D:3 ?


Innate Abilities, Weirdness & Mutations

You have a pair of horns on your head.
You reflexively headbutt those who attack you in melee.


Message History

You hit the orc. The orc hits you but does no damage.
You slash the orc!
You kill the orc!
You slash the jelly!
Your hands burn!
The jelly hits you but does no damage.
Your plate armour prevents you from hitting the jelly.
The jelly is heavily wounded.
The jelly jiggles.
The jelly barely misses you. You furiously retaliate!
You headbutt the jelly. The steam dragon bites you!
You block the steam dragon's attack. You block the jelly's attack.
You slash the jelly!
You kill the jelly!
You barely miss the steam dragon. The steam dragon bites you.
The steam dragon claws you but does no damage.
You hit the steam dragon.
The steam dragon is lightly wounded.
You block the steam dragon's attack.
The steam dragon claws you but does no damage.
Your plate armour prevents you from hitting the steam dragon.
The steam dragon is lightly wounded.
The steam dragon breathes steam at you. The ball of steam hits you!!
You slash the steam dragon!
The steam dragon is moderately wounded.
You are engulfed in a cloud of scalding steam.
The steam dragon breathes steam at you. The ball of steam hits you!
You are too injured to fight recklessly!
You are too injured to fight recklessly!
Unknown command.
You hit the steam dragon.
The steam dragon is heavily wounded.
You are engulfed in a cloud of scalding steam.
* * * LOW HITPOINT WARNING * * *
The steam dragon bites you.
* * * LOW HITPOINT WARNING * * *
You block the steam dragon's attack. The steam dragon breathes steam at you.
The ball of steam hits you!!
You die...

....##.................##
....#.#.................#
#.... ..#...##.........#
...... ##....#....#....#
..###........#....#
..............###.#
...........§........
..#.........§.......
#.......@§.......
##..#..##§##....
.......##D§#....
................
................
..................
..........$......
##...........
.......###..


You could see a steam dragon (catching breath).

Vanquished Creatures
  Grinder (D:4)
  Sigmund (D:4)
  A wyvern (D:7)
  2 orc warriors
  A sky beast (D:6)
  A black bear (D:5)
  2 necrophages (D:6)
  2 ogres (D:4)
  2 ice beasts
  3 centaurs
  2 phantoms (D:6)
  A bullfrog (D:4)
  A scorpion (D:4)
  A water moccasin skeleton (D:5)
  A hound (D:6)
  A jelly (D:8)
  2 bullfrog zombies (D:6)
  A bullfrog skeleton (D:5)
  2 gnoll shamans
  2 iguanas (D:4)
  2 orc priests (D:6)
  4 orc wizards
  Natasha (thrice) (D:4)
  A howler monkey zombie (D:8)
  11 gnolls
  5 adders
  A shadow imp (D:5)
  A white imp (D:7)
  An ufetubus (D:7)
  A worm (D:2)
  3 dart slugs
  24 orcs
  5 ball pythons
  6 endoplasms
  11 giant cockroaches
  6 goblins
  9 hobgoblins
  6 jackals
  6 quokkas
  9 bats
  2 frilled lizards (D:2)
  9 kobolds
  7 rats
163 creatures vanquished.

Notes
Turn   | Place    | Note
-------+----------+-------------------------------------------
     0 | D:1      | hikkokomori the Minotaur Fighter began the quest for the
                  | Orb.
     0 | D:1      | Reached XP level 1. HP: 19/19 MP: 0/0
   146 | D:1      | Reached XP level 2. HP: 21/27 MP: 1/1
   431 | D:1      | Reached XP level 3. HP: 33/33 MP: 2/2
   911 | D:2      | You fall into a shaft and drop 1 floor!
   972 | D:3      | Found a faded altar of an unknown god.
  1537 | D:3      | Reached XP level 4. HP: 39/41 MP: 3/3
  1562 | D:3      | Found Haggouf's Magic Scroll Boutique.
  1567 | D:3      | Bought a scroll of identify for 28 gold pieces
  1567 | D:3      | Bought a scroll of teleportation for 42 gold pieces
  2255 | D:4      | Noticed Natasha
  2259 | D:4      | Killed Natasha
  2260 | D:4      | Reached skill level 5 in Fighting
  2260 | D:4      | Reached skill level 5 in Shields
  2260 | D:4      | Reached XP level 5. HP: 45/48 MP: 4/4
  2549 | D:4      | Noticed Natasha
  2560 | D:4      | Killed Natasha
  2673 | D:5      | Entered Level 5 of the Dungeon
  2676 | D:5      | Noticed a black bear
  2679 | D:5      | Noticed an ice beast
  2685 | D:5      | Killed a black bear
  2686 | D:5      | Reached XP level 6. HP: 11/56 MP: 5/5
  2686 | D:5      | Killed an ice beast
  2687 | D:5      | Reached skill level 5 in Axes
  3182 | D:4      | Noticed Sigmund
  3191 | D:4      | Reached XP level 7. HP: 38/64 MP: 6/6
  3196 | D:4      | Killed Sigmund
  3197 | D:4      | Noticed Natasha
  3201 | D:4      | Killed Natasha
  3789 | D:4      | Reached XP level 8. HP: 73/73 MP: 7/7
  3868 | D:4      | Noticed Grinder
  3870 | D:4      | Paralysed by Grinder for 2 turns
  3880 | D:4      | Killed Grinder
  4499 | D:5      | Found a staircase to the Ecumenical Temple.
  4509 | Temple   | Entered the Ecumenical Temple
  4715 | Temple   | Became a worshipper of Ashenzari the Shackled
  5433 | D:6      | Reached skill level 1 in Dodging
  5443 | D:6      | HP: 2/74 [bullfrog zombie (5)]
  6044 | D:6      | Reached XP level 9. HP: 36/82 MP: 8/8
  7081 | D:7      | Reached skill level 5 in Armour
  7795 | D:8      | Killed from afar by a steam dragon

Illustrated notes

Levels and vault maps discovered:
D:1:      dpeg_arrival_simpleton_b, layout_rooms, serial_corexii_hall,
          corexii_hall_statues_deadend, chequers_hall_statues_corner_a,
          minmay_misc_feat_pillars, minivault_11, minmay_misc_feat_four_crosses
D:2:      layout_rooms, minmay_misc_feat_alley, guppyfry_early_orc_mine
D:3:      layout_loops_corners, serial_shops, shop_fountains,
          hellmonk_ecumenical_altar_run_dry, hangedman_decor_growths, uniq_ijyb
D:4:      layout_rooms, uniq_grinder, uniq_sigmund, uniq_natasha
D:5:      layout_cave_pools, lemuel_temple_firewalk_a,
          chequers_serial_rivers_marsh
D:6:      layout_loops_ring, nicolae_sextant, grunt_decor_resistance
D:7:      layout_basic
D:8:      layout_cave_pools, uniq_prince_ribbit1
Temple:   minmay_crystal_snake_temple

Skill      XL: |  1  2  3  4  5  6  7  8  9 |
---------------+----------------------------+-----
Fighting       | 4 5 6 7 8 9 |  9.1
Shields        | 4 5 6 7 8 9 |  9.1
Axes           | 3 4 5 6 8 |  8.6
Armour         | 4 5 |  5.4
Dodging        | 2 3 |  3.4

Action                   |  1- 3 |  4- 6 |  7- 9 || total
-------------------------+-------+-------+-------++-------
Melee: War axe           |   100 |   104 |   227 ||   431
       Headbutt          |    12 |    17 |    45 ||    74
  Use: Scroll            |       |     8 |       ||     8
       Potion            |       |     4 |     1 ||     5
Armor: Scale mail        |    66 |    41 |    55 ||   162
       Plate armour      |       |       |    20 ||    20
Dodge: Dodged            |    23 |    30 |    69 ||   122
Block: Kite shield       |    67 |    67 |   158 ||   292
